 Dungeon Crawl Stone Soup version 0.30-b1-2-g02819fbbbe (webtiles) character file.

Game seed: 203127663565072186

(classic levelgen) 16085 EnegeticOcto the Cleaver (level 12, -5/107 HPs)
             Began as a Minotaur Fighter on May 9, 2023.
             Was the Champion of Uskayaw.
             Shot with an arrow by a centaur warrior (14 damage)
             ... on level 13 of the Dungeon.
             The game lasted 00:05:52 (11099 turns).

EnegeticOcto the Cleaver (Minotaur Fighter)        Turns: 11099, Time: 00:05:53

Health: -5/107     AC: 19    Str: 26    XL:     12   Next: 6%
Magic:  16/16      EV:  7    Int:  5    God:    Uskayaw [******]
Gold:   824        SH: 16    Dex: 10    Spells: 11/11 levels left

rFire   + . .        a - +1 war axe (venom)
rCold   + . .        M - +1 tower shield of the Catamount {Regen+ rCorr}
rNeg    . . .        k - +0 chain mail
rPois   +            (helmet restricted)
rElec   .            J - scarf {rC+ rF+}
rCorr   +            w - +2 pair of gloves
SInv    .            (no boots)
Will    .....        A - amulet of faith Stlth
                     i - +4 ring of protection
HPRegen 1.17/turn    l - ring of poison resistance
MPRegen 0.15/turn

%: faith
@: no status effects
A: horns 2, retaliatory headbutt
a: Renounce Religion, Stomp, Line Pass, Grand Finale


You were on level 13 of the Dungeon.
You worshipped Uskayaw.
Uskayaw was noncommittal.
You visited 2 branches of the dungeon, and saw 14 of its levels.

You collected 851 gold pieces.
You spent 27 gold pieces at shops.

Inventory:

Hand Weapons
 a - a +1 war axe of venom (weapon)
Missiles
 u - 6 throwing nets (quivered)
Armour
 k - a +0 chain mail (worn)
   (You found it on level 1 of the Dungeon)
 w - a +2 pair of gloves (worn)
   (You found it on level 3 of the Dungeon)
 J - a scarf of resistance (worn)
   (You found it on level 8 of the Dungeon)
 M - the +1 tower shield of the Catamount (worn) {Regen+ rCorr}
   (You acquired it on level 12 of the Dungeon)

   Regen:     It increases your rate of health regeneration.
   rCorr:     It protects you from acid and corrosion.
 O - a +2 cloak of willpower
   (You took it off Maurice on level 10 of the Dungeon)
Jewellery
 i - a +4 ring of protection (left hand)
   (You found it on level 1 of the Dungeon)
 l - a ring of poison resistance (right hand)
   (You found it on level 1 of the Dungeon)
 A - an amulet of faith (around neck)
   (You found it on level 4 of the Dungeon)
 P - a ring of magical power
   (You found it on level 12 of the Dungeon)
 Q - a ring of positive energy
   (You found it on level 12 of the Dungeon)
Wands
 o - a wand of iceblast (18) {@v2}
   (You found it on level 2 of the Dungeon)
 r - a wand of mindburst (8)
   (You took it off Maurice on level 10 of the Dungeon)
 s - a wand of flame (52) {@v4}
   (You took it off a kobold brigand on level 6 of the Dungeon)
 y - a wand of polymorph (9)
   (You found it on level 4 of the Dungeon)
 C - a wand of digging (14) {@v3}
   (You found it on level 4 of the Dungeon)
 H - a wand of charming (7)
   (You found it on level 7 of the Dungeon)
Scrolls
 b - a scroll of identify {@r1}
 e - 4 scrolls of teleportation {@r3}
 g - a scroll of fear
 j - 7 scrolls of magic mapping {@r5}
 D - 3 scrolls of vulnerability
 F - a scroll of immolation
 I - a scroll of enchant weapon
 N - 3 scrolls of blinking {@r4}
Potions
 d - 3 potions of might {@q3}
 f - 3 potions of flight
 h - 2 potions of lignification
 m - a potion of berserk rage
 n - 2 potions of attraction
 p - 3 potions of mutation
 q - 7 potions of curing {@q1}
 t - a potion of magic
 v - 3 potions of invisibility
 x - a potion of cancellation
 z - 4 potions of brilliance {unknown}
 B - 2 potions of resistance {unknown}
 E - a potion of degeneration {unknown}
 G - 6 potions of heal wounds {unknown}
 K - a potion of haste {unknown}
 L - 3 potions of ambrosia {unknown}


   Skills:
 + Level 10.5 Fighting
 * Level 14.0 Axes
 + Level 10.6 Armour
 * Level 10.7 Shields
 + Level 7.2 Invocations


You had 11 spell levels left.
You didn't know any spells.
Your spell library was empty.

Dungeon Overview and Level Annotations

Branches:
Dungeon (13/15)            Temple (1/1) D:5            Lair (0/5) D:10
    Orc (0/2) D:12
 Vaults: D:13-14

Altars:
Ashenzari
Cheibriados
Dithmenos
Elyvilon
Fedhas
Gozag
Hepliaklqana
Kikubaaqudgha
Makhleb
Nemelex Xobeh
Okawaru
Qazlal
Ru
Sif Muna
Trog
Uskayaw
Vehumet
Wu Jian
Xom
Yredelemnul
Zin
The Shining One

Shops:
D:1 *   D:4 [   D:11 (   D:12 :


Innate Abilities, Weirdness & Mutations

You have a pair of horns on your head.
You reflexively headbutt those who attack you in melee.


Message History

You headbutt the slime creature, but do no damage.
The slime creature is almost dead.
You slash the slime creature! You slash the enormous slime creature!
The slime creature closely misses you. You block the slime creature's attack.
Uskayaw will force your foes to helplessly watch your dance.
Uskayaw prepares the audience for your solo!
The helpless slime creature fails to defend itself.
You slice the slime creature!!
You kill the slime creature!
The helpless enormous slime creature fails to defend itself.
You slash the enormous slime creature!
The helpless slime creature fails to defend itself.
You slash the slime creature!
A centaur comes into view.
Uskayaw will force your foes to share their pain.
Uskayaw links your audience in an emotional bond!
The helpless slime creature fails to defend itself.
You slash the slime creature!
The slime creature is severely wounded.
The helpless enormous slime creature fails to defend itself.
You hit the enormous slime creature.
The centaur shouts!
The slime creature is no longer paralysed.
The enormous slime creature is no longer paralysed.
A centaur comes into view.
A centaur warrior comes into view.
You block the enormous slime creature's attack.
The slime creature barely misses you.
The centaur moves out of view.
The centaur warrior shouts!
You slash the slime creature!
You kill the slime creature!
You barely miss the enormous slime creature.
An enormous slime creature splits.
You completely miss the large slime creature.
The large slime creature is moderately wounded.
The centaur shouts!
You slash the large slime creature!
You block the large slime creature's attack.
A large slime creature splits.
You hit the slime creature.
The slime creature is heavily wounded.
You hit the slime creature. You hit the large slime creature.
The slime creature is no longer sharing its pain. x2
The large slime creature is no longer sharing its pain.
You block the large slime creature's attack.
The slime creature hits you. The slime creature hits you!
You hit the slime creature. You headbutt the slime creature.
The slime creature is severely wounded.
You slash the slime creature! You hit the large slime creature.
The large slime creature hits you!!
You can now merge with and destroy a victim.
You barely miss the slime creature. You headbutt the slime creature!
The slime creature is almost dead.
You barely miss the slime creature.
You barely miss the large slime creature.
The slime creature looks more healthy. x2
The centaur is no longer sharing its pain.
The large slime creature looks more healthy.
You block the slime creature's attack. x2
The centaur hits you but does no damage.
You block the centaur's attack. The large slime creature hits you!
You are too injured to fight recklessly!
You are too injured to fight recklessly!
You are too injured to fight recklessly!
You are too injured to fight recklessly!
You are too injured to fight recklessly!
You are too injured to fight recklessly!
You are too injured to fight recklessly!
You are too injured to fight recklessly!
You are too injured to fight recklessly!
You are too injured to fight recklessly!
You slash the slime creature!
You kill the slime creature!
You slash the centaur!
The centaur is poisoned.
You hit the large slime creature. You slash the slime creature!
The centaur warrior wields a +0 longbow.
The centaur warrior shoots an arrow.
You block the arrow. The slime creature hits you!
The centaur barely misses you. You furiously retaliate!
You headbutt the centaur!
You kill the centaur!
The large slime creature hits you!!
* * * LOW HITPOINT WARNING * * *
Uskayaw prepares the audience for your solo!
Your Axes skill increases to level 14!
The helpless centaur fails to defend itself.
You slice the centaur!!
The centaur is almost dead.
The helpless large slime creature fails to defend itself.
You slash the large slime creature!
The helpless slime creature fails to defend itself.
You slash the slime creature!
You kill the slime creature!
The helpless centaur fails to defend itself.
You slice the centaur!!
You kill the centaur!
The helpless large slime creature fails to defend itself.
You hit the large slime creature.
The centaur warrior is no longer paralysed.
The large slime creature is no longer paralysed.
The centaur warrior shoots an arrow.
The arrow hits you!
You die...

......[......#.......#
.............#.......#
.............#.......#
.............#.......#
.............#.......#
.............#.......#
........<....#.......#
.............#.......#
##############..@#####
......))J......
.......c.......
.>.............
...............
...............
#########....## ....#


You could see a large slime creature and a centaur warrior.

Vanquished Creatures
  A hydra (D:10)
  Harold (D:9)
  Erolcha (D:10)
  4 two-headed ogres
  Pikel (D:7)
  An ugly thing (D:11)
  A cyclops (D:12)
  A manticore (D:11)
  Maurice (D:10)
  Psyche (D:11)
  A kobold demonologist (D:11)
  3 trolls
  Grinder (D:3)
  A hornet (D:9)
  10 slime creatures (D:13)
  2 dream sheep (D:10)
  A shadow (D:9)
  A wraith (D:9)
  9 yaks
  A wyvern (D:7)
  A basilisk (D:11)
  A steam dragon (D:10)
  2 vampire mosquitoes (D:12)
  2 orc warriors
  3 ogres
  2 black bears (D:4)
  3 ice beasts
  4 centaurs
  3 lemures (D:7)
  6 kobold brigands
  3 bullfrogs
  A gnoll sergeant (D:10)
  2 scorpions
  21 killer bees
  3 howler monkeys (D:10)
  4 hounds
  A jelly (D:5)
  9 orc priests
  A sleepcap (D:5)
  Jessica (D:3)
  Terence (D:2)
  6 iguanas
  Natasha (thrice) (D:4)
  15 orc wizards
  Robin (D:3)
  2 adders
  4 gnolls (D:10)
  A white imp (D:5)
  2 ufetubi
  2 worms
  2 dart slugs
  32 orcs
  5 endoplasms
  3 giant cockroaches
  12 goblins
  9 hobgoblins
  9 jackals
  13 kobolds
  5 quokkas
  3 ball pythons
  4 bats
  A frilled lizard (D:1)
  5 rats
256 creatures vanquished.

Vanquished Creatures (others)
  9 plants
9 creatures vanquished.

Grand Total: 265 creatures vanquished

Notes
Turn   | Place    | Note
-------+----------+-------------------------------------------
     0 | D:1      | EnegeticOcto the Minotaur Fighter began the quest for the
                  | Orb.
     0 | D:1      | Reached XP level 1. HP: 19/19 MP: 0/0
    19 | D:1      | Found Guckyes's Assorted Antiques.
    82 | D:1      | Reached XP level 2. HP: 18/27 MP: 1/1
   195 | D:1      | Reached skill level 3 in Axes
   878 | D:2      | Reached XP level 3. HP: 32/33 MP: 2/2
  1299 | D:2      | Noticed Terence
  1311 | D:2      | Killed Terence
  1312 | D:2      | Reached XP level 4. HP: 29/40 MP: 3/3
  1412 | D:1      | Bought a scroll labelled BICLAK VINITY for 27 gold pieces
  1477 | D:3      | Reached skill level 4 in Axes
  1610 | D:3      | Noticed Grinder
  1621 | D:3      | Paralysed by Grinder for 3 turns
  1628 | D:3      | Killed Grinder
  1629 | D:3      | Reached skill level 5 in Axes
  1629 | D:3      | Reached XP level 5. HP: 35/47 MP: 4/4
  1629 | D:3      | Reached XP level 6. HP: 41/55 MP: 5/5
  1798 | D:3      | Noticed Jessica
  1803 | D:3      | Killed Jessica
  1804 | D:3      | Reached skill level 5 in Fighting
  1865 | D:3      | Noticed Robin
  1873 | D:3      | Reached skill level 5 in Armour
  1876 | D:3      | Reached skill level 5 in Shields
  1881 | D:3      | Killed Robin
  2638 | D:4      | Reached skill level 6 in Axes
  2671 | D:4      | Reached XP level 7. HP: 44/61 MP: 6/6
  2795 | D:4      | Noticed Natasha
  2799 | D:4      | Killed Natasha
  2832 | D:4      | Found Guimiot's Armour Emporium.
  3186 | D:4      | Noticed Natasha
  3193 | D:4      | Killed Natasha
  3339 | D:4      | Noticed Natasha
  3345 | D:4      | Killed Natasha
  3476 | D:4      | Found a glowing golden altar of the Shining One.
  3507 | D:5      | Entered Level 5 of the Dungeon
  3524 | D:5      | Found a staircase to the Ecumenical Temple.
  3552 | Temple   | Entered the Ecumenical Temple
  3664 | Temple   | Became a worshipper of Uskayaw the Reveller
  3751 | D:5      | Reached * piety under Uskayaw
  3838 | D:5      | Reached ** piety under Uskayaw
  3841 | D:5      | Reached *** piety under Uskayaw
  3954 | D:5      | Found a basalt altar of Yredelemnul.
  3989 | D:5      | Reached skill level 7 in Axes
  3989 | D:5      | Reached skill level 1 in Invocations
  4054 | D:5      | Found a sand-covered staircase.
  4093 | D:5      | Identified the +5 dagger of Wariness {spect, rElec rC+
                  | Stlth+}
  4290 | D:5      | Reached XP level 8. HP: 70/70 MP: 6/8
  4391 | D:5      | Reached **** piety under Uskayaw
  4980 | D:6      | Found an iron altar of Okawaru.
  5031 | D:6      | Reached skill level 8 in Axes
  5559 | D:7      | Noticed Pikel
  5564 | D:7      | Killed Pikel
  5565 | D:7      | Reached skill level 9 in Axes
  5565 | D:7      | Reached XP level 9. HP: 64/79 MP: 10/10
  6212 | D:7      | Reached ***** piety under Uskayaw
  6213 | D:7      | Reached skill level 10 in Axes
  6924 | D:8      | Found a stormy altar of Qazlal.
  7062 | D:8      | Found a broken altar of Ashenzari.
  7337 | D:9      | Reached XP level 10. HP: 76/88 MP: 12/12
  7413 | D:9      | Noticed a two-headed ogre
  7422 | D:9      | Killed a two-headed ogre
  7641 | D:9      | Noticed Harold
  7654 | D:9      | Killed Harold
  7655 | D:9      | Reached skill level 11 in Axes
  7655 | D:9      | Reached skill level 5 in Invocations
  8492 | D:10     | Entered Level 10 of the Dungeon
  8556 | D:10     | Found a staircase to the Lair.
  8667 | D:10     | Noticed Erolcha
  8677 | D:10     | Killed Erolcha
  8681 | D:10     | Reached skill level 12 in Axes
  8913 | D:10     | Noticed Maurice
  8921 | D:10     | Killed Maurice
  9253 | D:10     | Reached XP level 11. HP: 97/97 MP: 14/14
  9266 | D:10     | Noticed a three-headed hydra
  9274 | D:10     | Reached ****** piety under Uskayaw
  9277 | D:10     | Killed a six-headed hydra
  9543 | D:11     | Noticed Psyche
  9554 | D:11     | Killed Psyche
  9590 | D:11     | Noticed a two-headed ogre
  9598 | D:11     | Killed a two-headed ogre
  9673 | D:11     | Noticed a red ugly thing
  9682 | D:11     | Killed a red ugly thing
  9824 | D:11     | Reached skill level 13 in Axes
  9840 | D:11     | Found Uzxes's Weapon Shoppe.
  9853 | D:11     | Found a snail-covered altar of Cheibriados.
  9862 | D:11     | Reached skill level 10 in Shields
  9939 | D:11     | Noticed a two-headed ogre
  9949 | D:11     | Killed a two-headed ogre
  9950 | D:11     | Reached skill level 10 in Fighting
  9950 | D:11     | Reached skill level 10 in Armour
 10029 | D:11     | Noticed a two-headed ogre
 10036 | D:11     | Killed a two-headed ogre
 10547 | D:12     | Found a staircase to the Orcish Mines.
 10782 | D:12     | Found Posmidd's Book Shoppe.
 10987 | D:12     | Identified a scroll of acquirement
 10987 | D:12     | Acquired the +1 tower shield of the Catamount {Regen+
                  | rCorr}
 11027 | D:13     | Reached XP level 12. HP: 69/107 MP: 16/16
 11091 | D:13     | Noticed a centaur warrior
 11098 | D:13     | Reached skill level 14 in Axes
 11099 | D:13     | Shot with an arrow by a centaur warrior

Illustrated notes

Levels and vault maps discovered:
D:1:      zelgadis_glass_arrival_small, layout_loops_ring, serial_shops,
          nicolae_diamond_shop
D:2:      layout_basic, uniq_terence
D:3:      layout_loops_cross, kennysheep_orc_chapel, uniq_jessica, uniq_robin,
          uniq_grinder
D:4:      layout_basic, nicolae_overflow_hidden_temple, serial_shops, shop,
          uniq_natasha
D:5:      layout_loops_cross, yredelemnul_altar_generic, temple_pool_b,
          nicolae_ossuary_entry_false_entrances, chequers_serial_rivers_micro_b,
          serial_bayou_pond_c
D:6:      layout_rooms, okawaru_gym_becter
D:7:      layout_cave_pods, grunt_ministairs_9, uniq_pikel
D:8:      layout_basic, lemuel_round_altar, mainiacjoe_overflow_paths
D:9:      layout_basic, uniq_harold
D:10:     layout_roguey, dpeg_oklobed_lair, hangedman_ranch, uniq_erolcha,
          uniq_maurice
D:11:     layout_irregular_city, serial_shops, nicolae_shop_peninsula,
          cheibriados_altar_1, uniq_psyche
D:12:     layout_cave_pools, orc_0_dummy, serial_shops, shop, st_stairs_13
D:13:     layout_grid_maze
Temple:   minmay_temple_bridge_d

Skill      XL: |  1  2  3  4  5  6  7  8  9 10 11 12 |
---------------+-------------------------------------+-----
Axes           | 3 5 6 7 9 10 12 13 14 | 14.0
Fighting       | 4 5 6 7 8 9 10 | 10.5
Armour         | 4 5 6 7 8 9 10 | 10.6
Shields        | 4 5 6 7 8 9 10 | 10.7
Invocations    | 1 3 4 5 7 |  7.2

Action                     |  1- 3 |  4- 6 |  7- 9 | 10-12 || total
---------------------------+-------+-------+-------+-------++-------
  Melee: War axe           |    81 |    89 |   235 |   232 ||   637
         Headbutt          |     6 |    12 |    40 |    54 ||   112
 Invoke: Grand Finale      |       |       |       |     1 ||     1
    Use: Scroll            |       |     9 |     8 |     7 ||    24
   Stab: Paralysed         |       |       |    28 |    41 ||    69
 Armour: Scale mail        |    16 |       |       |       ||    16
         Chain mail        |    36 |    62 |   148 |   130 ||   376
  Dodge: Dodged            |    35 |    36 |    75 |    71 ||   217
  Block: Buckler           |    19 |    20 |    50 |    64 ||   153
         Tower shield      |       |       |       |    19 ||    19
